 Dungeon Crawl Stone Soup version 0.28-a0-938-gbc3f381ebc (webtiles) character file.

Game seed: 10304104804795964614

2342 mainiacjoe the Magician (level 9, -11/55 HPs)
             Began as a Djinni Earth Elementalist on Nov 30, 2021.
             Was an Initiate of Dithmenos.
             Mangled by an orc warrior (19 damage)
             ... on level 7 of the Dungeon.
             The game lasted 00:22:54 (8752 turns).

mainiacjoe the Magician (Djinni Earth Elementalist) Turns: 8752, Time: 00:22:55

Health: -11/55     AC:  3    Str:  7    XL:     9   Next: 70%
Gold:   317        EV: 12    Int: 21    God:    Dithmenos [......] SH:  0 Dex: 13

rFire   + + +      SeeInvis .   a - +2 dagger (vamp)
rCold   . . .      Faith    .   (no shield)
rNeg    . . .      Spirit   .   H - +1 robe {rC+ rF+}
rPois   ∞          Reflect  .   (no helmet)
rElec   .          Harm     .   (no cloak)
rCorr   .          Rampage  .   (no gloves)
Will    .....                   (boots unavailable)
Stlth   +++.......              k - amulet of the acrobat
HPRegen 0.18/turn               (no ring)
MPRegen 0.00/turn               (no ring)

@: flying
A: sickness immunity, fire resistance 2, cold vulnerability 1, float, innate
caster, hp casting, extra vitality 1
a: Renounce Religion


You were on level 7 of the Dungeon.
You worshipped Dithmenos.
Dithmenos was noncommittal.
You visited 2 branches of the dungeon, and saw 8 of its levels.

You collected 317 gold pieces.

Inventory:

Hand Weapons
 a - a +2 vampiric dagger (weapon)
 b - a +0 trident
 m - a +0 short sword
 n - a +0 dagger
 C - a +0 arbalest
 D - a +2 dagger of venom
 I - a +2 dire flail of protection
Missiles
 c - 133 stones (quivered)
 d - 71 arrows
 f - 29 bolts
 l - 23 sling bullets
 q - 4 javelins
 r - 6 boomerangs
 s - a curare-tipped dart {=F}
 F - 8 poisoned darts
Armour
 e - a +0 robe
 x - +0 steam dragon scales
 H - a +1 robe of resistance (worn)
Magical Staves
 K - a staff of earth
Jewellery
 k - an amulet of the acrobat (around neck)
 M - a ring of protection from fire
Wands
 w - a wand of flame (12)
Scrolls
 g - a scroll of enchant armour
 h - a scroll of enchant weapon {unknown}
 o - a scroll of holy word {unknown}
 p - 3 scrolls of teleportation
 t - a scroll of torment {unknown}
 y - a scroll of summoning {unknown}
 B - a scroll of magic mapping
 E - a scroll of immolation {unknown}
Potions
 i - a potion of lignification
 j - 2 potions of brilliance
 u - a potion of invisibility
 v - a potion of heal wounds
 z - a potion of degeneration {unknown}
 A - a potion of ambrosia {unknown}
 G - 2 potions of curing {unknown}
 J - a potion of berserk rage {unknown}
 L - a potion of haste {unknown}


   Skills:
 + Level 5.1 Short Blades
 - Level 2.6 Dodging
 + Level 6.4 Stealth
 * Level 6.8 Spellcasting


You had 2 spell levels left.
You knew the following spells:

 Your Spells              Type           Power      Damage    Failure   Level
a - Shock                 Conj/Air       100%       1d9       1%          1
b - Passwall              Tmut/Erth      30%        N/A       1%          2
c - Stone Arrow           Conj/Erth      72%        3d11      1%          3
d - Petrify               Tmut/Erth      36%        N/A       5%          4
e - Poisonous Vapours     Pois/Air       72%        N/A       1%          2
f - Static Discharge      Conj/Air       36%        N/A       1%          2
g - Sandblast             Erth           72%        2d16      1%          1
h - Sticky Flame          Conj/Fire      36%        2d6       5%          4
Your spell library was empty.

Dungeon Overview and Level Annotations

Branches:
Dungeon (7/15)             Temple (1/1) D:4

Altars:
Dithmenos
Elyvilon
Fedhas
Gozag
Kikubaaqudgha
Okawaru
Ru
Sif Muna
Trog
Uskayaw
Vehumet
Wu Jian
Xom
Yredelemnul
Zin
The Shining One

Shops:
D:4 (   D:6 (

Annotations:
D:4 2 transporters, Splishie's ghost, weakling GnWn


Innate Abilities, Weirdness & Mutations

You are immune to sickness and miasma.
You are immune to poison.
Your flesh is very heat resistant. (rF++)
You are vulnerable to cold. (rC-)
You float through the air rather than walking.
You learn spells naturally, not from books.
Your magical power is your life essence.
You have superior vitality. (+4 HP)


Message History

Confirm with . or Enter, or press ? or * to list all spells.
Aiming: Poisonous Vapours (safe; 1% risk of failure)
Press: ? - help, Dir - move target, f - orc warrior
Aim: an orc warrior, wielding a +0 trident and wearing a +0 plate armour Poisonous vapours surround the orc warrior!
The orc warrior is poisoned.
Casting: Poisonous Vapours (safe; 1% risk of failure)
Confirm with . or Enter, or press ? or * to list all spells.
Aiming: Stone Arrow (safe; 1% risk of failure)
Press: ? - help, Shift-Dir - straight line, f/p - orc warrior
Aim: an orc warrior, wielding a +0 trident and wearing a +0 plate armour (heavily wounded, very poisoned, 74% to hit)
The stone arrow hits the orc warrior.
The orc warrior is severely wounded.
The orc warrior hits you from afar with a +0 trident.
Casting: Stone Arrow (safe; 1% risk of failure)
Confirm with . or Enter, or press ? or * to list all spells.
Aiming: Stone Arrow (safe; 1% risk of failure)
Press: ? - help, Shift-Dir - straight line, f/p - orc warrior
Aim: an orc warrior, wielding a +0 trident and wearing a +0 plate armour (severely wounded, very poisoned, 74% to hit)
The stone arrow misses the orc warrior.
The orc warrior hits you from afar with a +0 trident!
* * * LOW HITPOINT WARNING * * *
Casting: Stone Arrow (safe; 1% risk of failure)
Confirm with . or Enter, or press ? or * to list all spells.
The orc is struck by an arc of lightning!
You kill the orc!
Dithmenos accepts your kill.
You are struck by an arc of lightning.
* * * LOW HITPOINT WARNING * * *
The lightning grounds out.
* * * LOW HITPOINT WARNING * * *
The orc warrior closely misses you.
Throw: 134 stones
Press: ? - help, Q - select action, (/) - cycle Shift-Dir - straight line, f/p - orc warrior
Aim: an orc warrior, wielding a +0 trident and wearing a +0 plate armour (almost dead, very poisoned, 56% to hit)
You throw a stone.
The stone hits the orc warrior but does no damage.
The orc warrior is almost dead.
The orc warrior hits you from afar with a +0 trident!!
You die...

#......)..>.........
###...............
#####..............
...................
.....>...##########
.##......# #....o.#
#....).# #....@.#
#......# #......#
########


You could see an orc warrior (poisoned).

Vanquished Creatures
  A hornet (D:5)
  Grinder (D:4)
  Prince Ribbit (D:6)
  2 steam dragons
  Edmund (D:6)
  An ogre (D:5)
  3 necrophages
  A centaur (D:7)
  A phantom (D:5)
  2 kobold brigands
  A scorpion (D:4)
  Blork the orc (D:6)
  A water moccasin skeleton (D:5)
  4 killer bees (D:6)
  A bullfrog zombie (D:5)
  2 hounds
  A jelly (D:7)
  An orc priest (D:4)
  2 iguanas (D:6)
  2 orc wizards
  A hound skeleton (D:4)
  6 gnolls
  5 adders
  A white imp (D:7)
  An ufetubus (D:6)
  3 worms
  A dart slug (D:3)
  15 orcs
  4 endoplasms
  A giant cockroach (D:4)
  8 goblins
  9 hobgoblins
  3 jackals (D:2)
  2 quokkas
  4 ball pythons
  8 bats
  4 frilled lizards
  9 kobolds
  3 rats
118 creatures vanquished.

Notes
Turn   | Place    | Note
-------+----------+-------------------------------------------
     0 | D:1      | mainiacjoe the Djinni Earth Elementalist began the quest
                  | for the Orb.
     0 | D:1      | Reached XP level 1. HP: 15/15 MP: 0/0
   440 | D:1      | Reached XP level 2. HP: 9/21 MP: 0/0
  1483 | D:2      | Reached XP level 3. HP: 21/25 MP: 0/0
  1483 | D:2      | Learned a level 1 spell: Shock
  1962 | D:2      | Reached XP level 4. HP: 12/31 MP: 0/0
  2695 | D:3      | Reached skill level 1 in Short Blades
  2846 | D:3      | Noticed a kobold brigand
  3083 | D:3      | Reached XP level 5. HP: 32/35 MP: 0/0
  3083 | D:3      | Learned a level 2 spell: Static Discharge
  3280 | D:3      | Killed a kobold brigand
  3721 | D:3      | Reached XP level 6. HP: 37/40 MP: 0/0
  3947 | D:4      | Found Fegod's Weapon Emporium.
  4288 | D:4      | Noticed a necrophage
  4288 | D:4      | Noticed a steam dragon
  4296 | D:4      | Killed a steam dragon
  4315 | D:4      | Killed a necrophage
  4316 | D:4      | Reached XP level 7. HP: 7/45 MP: 0/0
  4316 | D:4      | Learned a level 2 spell: Poisonous Vapours
  4601 | D:4      | Found a transporter.
  4606 | D:4      | Found a staircase to the Ecumenical Temple.
  4613 | Temple   | Entered the Ecumenical Temple
  5393 | D:4      | Noticed Grinder
  5400 | D:4      | Killed Grinder
  5678 | D:4      | Noticed Splishie's ghost (weakling GnWn)
  5719 | D:4      | Found a transporter.
  5863 | D:5      | Entered Level 5 of the Dungeon
  5868 | D:5      | Noticed a hornet
  5878 | D:5      | Killed a hornet
  5879 | D:5      | Reached skill level 5 in Stealth
  5879 | D:5      | Reached XP level 8. HP: 33/50 MP: 0/0
  6041 | D:5      | Reached skill level 5 in Spellcasting
  6615 | D:5      | Found a glowing golden altar of the Shining One.
  6787 | D:5      | Found a shimmering altar of Xom.
  6800 | D:5      | Reached XP level 9. HP: 35/55 MP: 0/0
  6800 | D:5      | Learned a level 4 spell: Sticky Flame
  7480 | D:6      | Found a shadowy altar of Dithmenos.
  7489 | D:6      | Became a worshipper of Dithmenos the Shadowed
  7714 | D:6      | Noticed Edmund
  7736 | D:6      | Killed Edmund
  8034 | D:6      | Noticed Prince Ribbit
  8040 | D:6      | Killed Prince Ribbit
  8124 | D:6      | Found Aroeppaa's Antique Weapon Shoppe.
  8212 | D:6      | Reached skill level 5 in Short Blades
  8455 | D:6      | Noticed Blork the orc
  8464 | D:6      | Killed Blork the orc
  8752 | D:7      | Mangled by an orc warrior

Illustrated notes

Levels and vault maps discovered:
D:1:      pf_arrival_petrified_forest, layout_loops_ring,
          amcnicky_mini_rare_corridor_liquid, st_stairs_9, chequers_arboretum
D:2:      layout_basic, minmay_pentomino_x2
D:3:      layout_basic
D:4:      layout_cave_pods, minmay_temple_entry_overgrown,
          gammafunk_ghost_arena, serial_shops,
          nicolae_shop_bloodbath_and_beyond, serial_rivers,
          chequers_serial_rivers_marsh, chequers_serial_rivers_large_b,
          chequers_serial_rivers_micro_b, chequers_serial_rivers_marsh,
          chequers_serial_rivers_large_a, chequers_serial_rivers_micro_c,
          uniq_grinder
D:5:      layout_cave_pods, lemuel_coloured_pillars_altar,
          mainiacjoe_overflow_six_doors_small, lemuel_round_altar
D:6:      cheibrodos_iron_armory, layout_loops_cross,
          nicolae_dithmenos_the_darkroom, minmay_shop_grid_forest,
          minmay_misc_feat_tower, uniq_edmund, uniq_prince_ribbit1,
          uniq_blork_the_orc
D:7:      layout_rooms, kennysheep_slug_shrine, uniq_joseph
Temple:   minmay_temple_forest_path

Skill      XL: |  1  2  3  4  5  6  7  8  9 |
---------------+----------------------------+-----
Stealth        | 2 3 4 5 6 |  6.4
Spellcasting   | 3 4 5 6 |  6.8
Short Blades   | 1 2 3 4 5 |  5.1
Dodging        | |  2.6

Action                   |  1- 3 |  4- 6 |  7- 9 || total
-------------------------+-------+-------+-------++-------
Melee: Dagger            |    32 |    16 |    33 ||    81
       Unarmed           |     1 |       |       ||     1
       Short sword       |    20 |     3 |       ||    23
Throw: Stone             |     1 |       |     6 ||     7
 Cast: Sandblast         |    19 |     5 |       ||    24
       Passwall          |     3 |     3 |     4 ||    10
       Stone Arrow       |     6 |    15 |    33 ||    54
       Shock             |       |    39 |    29 ||    68
       Poisonous Vapours |       |       |    17 ||    17
       Petrify           |       |       |    12 ||    12
       Static Discharge  |       |       |     6 ||     6
  Use: Scroll            |       |     4 |     4 ||     8
 Stab: Sleeping          |     4 |     6 |     4 ||    14
       Petrified         |       |       |    13 ||    13
       Petrifying        |       |       |     1 ||     1
Armor: Robe              |    20 |     2 |     2 ||    24
       Steam dragon scal |       |       |     1 ||     1
Dodge: Dodged            |    40 |    15 |    43 ||    98

Table legend: (Time is in decaauts)
 A = Elapsed time spent in this place.
 B = Non-inter-level travel time spent in this place.
 C = Inter-level travel time spent in this place.
 D = Time resting spent in this place.
 E = Time spent auto-exploring this place.
 F = Levels seen in this place.
 G = Mean time per level.
                   A        B        C        D        E       F      G
               +--------+--------+--------+--------+--------+-----+--------+
         Total |   8743 |   8431 |    312 |   1403 |   5962 |   8 | 1092.9 |
       Dungeon |   8351 |   8087 |    264 |   1403 |   5637 |   7 | 1193.0 |
        Temple |    391 |    343 |     48 |      0 |    325 |   1 |  391.0 |
               +--------+--------+--------+--------+--------+-----+--------+

Top non-repeatable levels by time:
     D:4: 1779 daAuts
     D:5: 1429 daAuts
     D:2: 1429 daAuts
     D:1: 1385 daAuts
     D:6: 1188 daAuts
     D:3: 1057 daAuts
  Temple: 391 daAuts
     D:7: 83 daAuts
